 Dungeon Crawl Stone Soup version 0.31.0-11-ge490571c62 (console) character file.

Game seed: 9881239796006752153

2096 AlterAsc the Cleaver (level 9, -1/64 HPs)
             Began as a Formicid Fighter on Feb 10, 2024.
             Was an Initiate of Uskayaw.
             Slain by a two-headed ogre
             ... wielding a +0 giant spiked club
              (23 damage)
             ... on level 8 of the Dungeon.
             The game lasted 00:11:29 (5972 turns).

AlterAsc the Cleaver (Formicid Fighter)             Turns: 5972, Time: 00:11:29

Health: -1/64      AC: 12    Str: 26    XL:     9   Next: 52%
Magic:  6/9        EV:  6    Int:  7    God:    Uskayaw [......]
Gold:   142        SH:  6    Dex: 19    Spells: 8/8 levels left

rFire   . . .        u - +11 war axe {flame, rCorr Str+2 Int-2 Dex+6}
rCold   . . .        c - +0 buckler
rNeg    . . .        i - +0 plate armour
rPois   +            (helmet unavailable)
rElec   .            (no cloak)
rCorr   +            s - +0 pair of gloves
SInv    +            (no boots)
Will    +....        (no amulet) Stlth
                     D - ring of poison resistance
HPRegen 0.30/turn    y - ring of willpower
MPRegen 0.11/turn

%: no passive effects
@: no status effects
A: permanent stasis, dig shafts and tunnels, antennae 3, four strong arms
a: Dig, Shaft Self, Renounce Religion


You were on level 8 of the Dungeon.
You worshipped Uskayaw.
Uskayaw was noncommittal.
You visited 2 branches of the dungeon, and saw 9 of its levels.

You collected 303 gold pieces.
You spent 161 gold pieces at shops.

Inventory:

Hand Weapons
 u - the +11 war axe of Victory (weapon) {flame, rCorr Str+2 Int-2 Dex+6}
   (You bought it in a shop on level 4 of the Dungeon)

   Str+2:     It affects your strength (+2).
   Int-2:     It affects your intelligence (-2).
   Dex+6:     It affects your dexterity (+6).
   rCorr:     It protects you from acid and corrosion.
 x - the +6 shillelagh "Devastator" {shatter}
   (You found it on level 5 of the Dungeon)
 z - a +2 war axe of distortion
Missiles
 h - 8 poisoned darts
Armour
 c - a +0 buckler (worn)
 i - a +0 plate armour (worn)
 s - a +0 pair of gloves (worn)
Jewellery
 r - a +6 ring of dexterity
 w - a ring of protection from cold
 y - a ring of willpower (right hand)
 D - a ring of poison resistance (left hand)
Wands
 a - a wand of quicksilver (6)
 B - a wand of charming (7)
 E - a wand of flame (3)
Scrolls
 b - a scroll of fear {unknown}
 d - 3 scrolls of noise {unknown}
 f - 4 scrolls of amnesia {unknown}
 g - 3 scrolls of identify {unknown}
 k - 2 scrolls of vulnerability {unknown}
 p - a scroll of torment {unknown}
 q - a scroll of enchant armour {unknown}
 t - a scroll of blinking {unknown}
 v - a scroll of brand weapon {unknown}
 A - a scroll of revelation {unknown}
 C - a scroll of immolation {unknown}
Potions
 e - 3 potions of heal wounds {unknown}
 j - a potion of attraction {unknown}
 l - a potion of brilliance {unknown}
 m - a potion of degeneration {unknown}
 n - a potion of enlightenment {unknown}
 o - 4 potions of curing {unknown}
 F - a potion of mutation {unknown}


   Skills:
 - Level 3.2 Fighting
 + Level 12.0 Axes
 - Level 3.2 Armour
 - Level 4.0 Shields


You had 8 spell levels left.
You didn't know any spells.
Your spell library contained the following spells:

 Spells                   Type           Power      Damage    Failure   Level
 Apportation              Tloc           0%         N/A       100%        1
 Necrotise                Necr           0%         1d4       100%        1
 Sting                    Conj/Alch      0%         1d3       100%        1
 Summon Small Mammal      Summ           0%         N/A       100%        1
 Call Imp                 Summ           0%         N/A       100%        2
 Sublimation of Blood     Necr           0%         N/A       100%        2
 Olgreb's Toxic Radiance  Alch           0%         N/A       100%        4
 Ozocubu's Refrigeration  Ice            0%         4d7       100%        7
 Summon Hydra             Summ           0%         N/A       100%        7
 Discord                  Hex            0%         N/A       100%        8


Dungeon Overview and Level Annotations

Branches:
Dungeon (8/15)             Temple (1/1) D:6
   Lair: D:8-11

Altars:
Cheibriados
Dithmenos
Elyvilon
Fedhas
Gozag
Hepliaklqana
Kikubaaqudgha
Makhleb
Nemelex Xobeh
Okawaru
Qazlal
Ru
Sif Muna
Trog
Uskayaw
Vehumet
Wu Jian
Xom
Yredelemnul
Zin
The Shining One

Shops:
D:4 (   D:5 *

Annotations:
D:6 2 transporters, ongoing's ghost, novice VSEn


Innate Abilities, Weirdness & Mutations

You cannot be hasted, slowed, berserked, paralysed or teleported.
You can dig through walls and to a lower floor.
You have a pair of large antennae on your head. (SInv)
Your four strong arms can wield two-handed weapons with a shield.


Message History

The helpless yak fails to defend itself.
You slash the yak! You burn the yak.
You kill the yak!
The yak is no longer paralysed.
You slash the yak! You burn the yak.
The yak is heavily wounded.
The yak gores you!
Uskayaw will force your foes to share their pain.
You hit the yak but do no damage.
The yak is heavily wounded.
The yak gores you.
You slash the yak! You burn the yak.
The yak is severely wounded.
The yak barely misses you.
You slice the yak!! You burn the yak.
You kill the yak!
You can now merge with and destroy a victim.
Your Axes skill increases to level 12!
There is an open door, spattered with blood here.
You see here a yak corpse.
You can no longer merge with and destroy a victim.
You hear the faint creaking of a distant portcullis.
You start resting.
You hear the faint creaking of a distant portcullis.
A two-headed ogre comes into view.
It is wielding a +0 giant spiked club and a +0 giant club.
Found 5 stones.
The two-headed ogre shouts in stereo!
Okay, then.
You stomp with the beat, sending a shockwave through the revellers around you!
You can no longer stomp with the beat.
You slice the two-headed ogre!! You burn the two-headed ogre!
The two-headed ogre is heavily wounded.
The two-headed ogre hits you with a +0 giant spiked club!!
You block the two-headed ogre's attack.
You barely miss the two-headed ogre.
The two-headed ogre is heavily wounded.
You completely miss the two-headed ogre.
The two-headed ogre is heavily wounded.
The two-headed ogre hits you with a +0 giant spiked club!!
You die...

#.# #
#.# #
### #.#
# #.
#.###.#
# #.
#.....#
# #.
#.#####
# #. #.#
# #. #.#
# #( #.#
#
#.####.#
#..O@..#
########


You could see a two-headed ogre.

Vanquished Creatures
  Sigmund (D:3)
  3 yaks (D:8)
  2 vampire mosquitoes (D:6)
  An orc warrior (D:5)
  2 ogres
  A black bear (D:7)
  A centaur (D:6)
  A phantom (D:5)
  A scorpion (D:6)
  3 howler monkeys
  2 bombardier beetles
  2 jellies
  An orc priest (D:5)
  2 hounds
  3 iguanas
  3 orc wizards
  Robin (D:3)
  7 adders
  6 dart slugs
  13 orcs
  5 endoplasms
  6 giant cockroaches
  24 goblins
  10 hobgoblins
  7 jackals
  4 quokkas
  7 ball pythons
  6 bats
  3 frilled lizards
  6 kobolds
  9 rats
143 creatures vanquished.

Notes
Turn   | Place    | Note
-------+----------+-------------------------------------------
     0 | D:1      | AlterAsc the Formicid Fighter began the quest for the Orb.
     0 | D:1      | Reached XP level 1. HP: 18/18 MP: 1/1
   302 | D:1      | Found a faded altar of an unknown god.
   310 | D:1      | Reached XP level 2. HP: 24/24 MP: 2/2
   353 | D:1      | Reached skill level 3 in Axes
   617 | D:1      | Reached XP level 3. HP: 29/29 MP: 3/3
  1683 | D:2      | Reached skill level 4 in Axes
  1683 | D:2      | Reached XP level 4. HP: 35/35 MP: 4/4
  2194 | D:3      | Reached XP level 5. HP: 36/41 MP: 5/5
  2366 | D:3      | Noticed Sigmund
  2377 | D:3      | Killed Sigmund
  2378 | D:3      | Reached skill level 6 in Axes
  2378 | D:3      | Reached XP level 6. HP: 10/47 MP: 6/6
  2548 | D:3      | Noticed Robin
  2572 | D:3      | Killed Robin
  2984 | D:4      | Found a burning altar of Makhleb.
  3002 | D:4      | Found a sparkling altar of Nemelex Xobeh.
  3131 | D:4      | Found an ornate altar of the Wu Jian Council.
  3226 | D:4      | Reached skill level 7 in Axes
  3226 | D:4      | Reached XP level 7. HP: 43/52 MP: 7/7
  3442 | D:4      | Found Rocuun's Antique Weapon Emporium.
  3446 | D:4      | Bought a smoking war axe for 161 gold pieces
  3446 | D:4      | Identified the +11 war axe of Victory {flame, rCorr Str+2
                  | Int-2 Dex+6} (You bought it in a shop on level 4 of the
                  | Dungeon)
  3818 | D:5      | Entered Level 5 of the Dungeon
  3845 | D:5      | Found the +6 shillelagh "Devastator" {shatter}
  3873 | D:5      | Reached skill level 8 in Axes
  3900 | D:5      | Found a blossoming altar of Fedhas.
  3903 | D:5      | Found an iron altar of Okawaru.
  3906 | D:5      | Found a snail-covered altar of Cheibriados.
  3917 | D:5      | Identified the +8 dagger "Witacupu" {holy, rElec Will- MP+9
                  | Int+3}
  4008 | D:5      | Reached XP level 8. HP: 46/58 MP: 8/8
  4086 | D:5      | Found a shimmering altar of Xom.
  4090 | D:5      | Found a glowing silver altar of Zin.
  4091 | D:5      | Noticed an angel
  4096 | D:5      | Found Kuvuhiab's General Store.
  4397 | D:5      | Reached skill level 9 in Axes
  4509 | D:5      | Noticed a vampire
  4517 | D:5      | You fall into a shaft and drop 1 floor!
  4637 | D:6      | Found a staircase to the Ecumenical Temple.
  4642 | Temple   | Entered the Ecumenical Temple
  4655 | Temple   | Became a worshipper of Uskayaw the Reveller
  4678 | D:6      | Reached * piety under Uskayaw
  4716 | D:6      | Reached ** piety under Uskayaw
  4757 | D:6      | Identified the +0 leather armour "Alev" {rF++}
  4871 | D:6      | Found a hazy altar of Hepliaklqana.
  4903 | D:6      | Found a transporter.
  5034 | D:6      | Found a transporter.
  5041 | D:6      | Identified the ring "Mietyurch" {rC+ rN+ Str+3 Dex+6}
  5041 | D:6      | Noticed ongoing's ghost (novice VSEn)
  5140 | D:6      | Reached skill level 10 in Axes
  5149 | D:6      | Found a sacrificial altar of Ru.
  5202 | D:6      | Reached *** piety under Uskayaw
  5204 | D:6      | Reached XP level 9. HP: 48/64 MP: 9/9
  5408 | D:7      | Reached skill level 11 in Axes
  5883 | D:8      | Reached **** piety under Uskayaw
  5886 | D:8      | Reached ***** piety under Uskayaw
  5887 | D:8      | Reached skill level 12 in Axes
  5966 | D:8      | Noticed a two-headed ogre
  5972 | D:8      | Slain by a two-headed ogre

Illustrated notes

Levels and vault maps discovered:
D:1:      minmay_arrival_nine_rooms, layout_loops_corners,
          ebering_ecumenical_altar_mist
D:2:      layout_basic, nicolae_concentric_dashed_squares_wild,
          kennysheep_generic_room_13
D:3:      minmay_door_path, layout_rooms, reono_crystal_passage,
          minmay_goblin_outpost, uniq_sigmund, uniq_robin
D:4:      layout_rooms, mainiacjoe_overflow_concentric_impassable,
          general_overflow_altar, nicolae_wu_jian_wuxing_cycle, serial_shops,
          shop, kennysheep_donut, fountainhead, chequers_big_river
D:5:      kennysheep_big_flooded_room, layout_loops_ring,
          grunt_temple_overflow_order_and_chaos_1, grunt_temple_overflow_open,
          serial_shops, shop, ebering_dispersal_statue_hall,
          dilly_guarded_unrand_devastator
D:6:      layout_cave_pools, nzn_hepliaklqana_mist_gate, lemuel_tele_altar,
          minmay_temple_entry_grid, gammafunk_ghost_gnarly_gnolls
D:7:      layout_basic
D:8:      layout_basic, enter_bailey_7, st_stairs_3
Temple:   nicolae_temple_ecumenical_triangle

Skill      XL: |  1  2  3  4  5  6  7  8  9 |
---------------+----------------------------+-----
Axes           | 3 4 6 7 8 10 12 | 12.0
Fighting       | |  3.2
Armour         | |  3.2
Shields        | |  4.0

Action                     |  1- 3 |  4- 6 |  7- 9 || total
---------------------------+-------+-------+-------++-------
  Melee: War axe           |    88 |   141 |    98 ||   327
 Invoke: Stomp             |       |       |     1 ||     1
         Line Pass         |       |       |     1 ||     1
Ability: Shaft Self        |       |       |     1 ||     1
    Use: Potion            |       |     1 |       ||     1
   Stab: Paralysed         |       |       |     2 ||     2
         Confused          |       |       |     1 ||     1
 Armour: Scale mail        |    26 |       |       ||    26
         Plate armour      |    37 |   125 |    76 ||   238
  Dodge: Dodged            |    34 |    50 |    18 ||   102
  Block: Buckler           |    17 |    39 |    30 ||    86
